 Dungeon Crawl Stone Soup version 0.30.0-16-gbe6223bb7e (webtiles) character file.

Game seed: 10456633667417140846

382 bmack86 the Chopper (level 6, -7/48 HPs)
             Began as a Demonspawn Cinder Acolyte on May 21, 2023.
             Was an Initiate of Vehumet.
             Mangled by a fire elemental (8 damage)
             ... created by the fiery vengeance of Ignis
             ... on level 4 of the Dungeon.
             The game lasted 00:13:52 (2792 turns).

bmack86 the Chopper (Demonspawn Cinder Acolyte)     Turns: 2792, Time: 00:13:53

Health: -7/48      AC:  5    Str: 14    XL:     6   Next: 47%
Magic:  11/11      EV: 13    Int: 17    God:    Vehumet [......]
Gold:   171        SH:  0    Dex: 15    Spells: 9/11 levels left

rFire   . . .        a - -1 hand axe (flame)
rCold   . . .        (no shield)
rNeg    . . .        b - +0 robe
rPois   +            m - +2 helmet
rElec   .            (no cloak)
rCorr   .            (no gloves)
SInv    .            (no boots)
Will    .....        k - amulet of the acrobat
Stlth   +            p - +6 ring of dexterity
HPRegen 0.28/turn    r - ring of poison resistance
MPRegen 0.12/turn

%: acrobat
@: fire susceptible
A: repulsion field 1, condensation shield, weakness stinger 1
a: Renounce Religion


You were on level 4 of the Dungeon.
You worshipped Vehumet.
Vehumet was noncommittal.
You visited 1 branch of the dungeon, and saw 4 of its levels.

You collected 171 gold pieces.

Inventory:

Hand Weapons
 a - a -1 hand axe of flaming (weapon)
Missiles
 c - 6 boomerangs (quivered)
 o - 4 poisoned darts
 w - 8 javelins
Armour
 b - a +0 robe (worn)
 m - a +2 helmet (worn)
 v - an orb of mayhem
Jewellery
 k - an amulet of the acrobat (around neck)
 p - a +6 ring of dexterity (left hand)
 r - a ring of poison resistance (right hand)
Scrolls
 i - 2 scrolls of magic mapping {unknown}
 j - 2 scrolls of identify {unknown}
 l - 2 scrolls of teleportation {unknown}
 q - 2 scrolls of enchant armour {unknown}
 u - a scroll of summoning {unknown}
 y - a scroll of blinking {unknown}
Potions
 d - a potion of mutation {unknown}
 f - a potion of attraction {unknown}
 g - a potion of flight {unknown}
 h - 6 potions of curing {unknown}
 n - a potion of brilliance {unknown}
 s - a potion of heal wounds {unknown}
 t - a potion of lignification
 x - 3 potions of haste {unknown}


   Skills:
 + Level 4.2 Fighting
 * Level 4.7 Axes
 * Level 3.3 Spellcasting
 - Level 3.2 Fire Magic


You had 9 spell levels left.
You knew the following spells:

 Your Spells              Type           Power      Damage    Failure   Level
a - Scorch                Fire           26%        2d6       7%          2

Your spell library contained the following spells:

 Spells                   Type           Power      Damage    Failure   Level
 Magic Dart               Conj           8%         1d3       17%         1
 Call Imp                 Summ           4%         N/A       26%         2
 Mephitic Cloud           Conj/Pois/Air  2%         N/A       45%         3


Dungeon Overview and Level Annotations

Branches:
Dungeon (3/15)

Altars:
Vehumet


Innate Abilities, Weirdness & Mutations

You are surrounded by a mild repulsion field. (EV +2)
A meltable shield of frost defends you. (SH +0)
You have a small tail.


Message History

You barely miss the orc.
The orc is severely wounded.
The orc barely misses you.
You hit the orc. You burn the orc.
You kill the orc!
Vehumet accepts your kill.
Okay, then.
Items here: )) [ †.
Okay, then.
Things that are here:
a +0 dagger; a +0 leather armour; an orc corpse
Found a stone staircase leading down.
Magic restored.
You open the door.
There is an open door here.
As you open the door, it creaks loudly!
Found 12 gold pieces.
There is an open door here.
You now have 171 gold pieces (gained 12).
There is an open door here.
You open the door. "With a thousand fires I burned cities, but these will suffice for you!" 2 fire elementals come into view.
There is an open door here.
You hit the fire elemental. You tail-slap the fire elemental.
The fire elemental is moderately damaged.
You hit the fire elemental. The fire elemental misses you.
The fire elemental hits you. The fire elemental burns you!
Your condensation shield dissipates!
You closely miss the fire elemental. You tail-slap the fire elemental.
The fire elemental is moderately damaged.
You hit the fire elemental but do no damage.
The fire elemental hits you. The fire elemental burns you!
The fire elemental hits you. The fire elemental burns you!
The fire elemental hits you.
* * * LOW HITPOINT WARNING * * *
The fire elemental burns you!
* * * LOW HITPOINT WARNING * * *
The fire elemental hits you. The fire elemental burns you!
You die...

###......#.....
#........#....
#........'...
#........########
#................
#####................
#...######'##..).....
#....#......#...)....
+...@#○.....#........
#...EE......#......).
##..####'##......[...
#.. #......#########
+.. #......# #..
#......# #.. #......#
### #......# .#######


You could see 2 fire elementals.

Vanquished Creatures
  Grinder (D:3)
  A hound (D:3)
  Jessica (D:2)
  An orc wizard (D:4)
  Natasha (D:1)
  5 adders
  2 orcs (D:4)
  4 ball pythons
  3 endoplasms
  4 giant cockroaches
  6 goblins
  4 hobgoblins
  3 kobolds
  3 quokkas (D:3)
  4 bats
  3 frilled lizards
  A rat (D:1)
47 creatures vanquished.

Vanquished Creatures (others)
  3 foxfires (D:1)
3 creatures vanquished.

Grand Total: 50 creatures vanquished

Notes
Turn   | Place    | Note
-------+----------+-------------------------------------------
     0 | D:1      | bmack86 the Demonspawn Cinder Acolyte began the quest for
                  | the Orb.
     0 | D:1      | Reached XP level 1. HP: 18/18 MP: 2/2
    46 | D:1      | Found a faded altar of an unknown god.
   519 | D:1      | Gained mutation: You are surrounded by a mild repulsion
                  | field. (EV +2) [demonic ancestry]
   519 | D:1      | Reached XP level 2. HP: 24/24 MP: 3/3
   845 | D:2      | Noticed Natasha
   861 | D:1      | Killed Natasha
   862 | D:1      | Gained mutation: A meltable shield of frost defends you.
                  | (SH +0) [demonic ancestry]
   862 | D:1      | Reached XP level 3. HP: 6/29 MP: 3/5
  1030 | D:2      | Noticed Jessica
  1042 | D:2      | Killed Jessica
  1107 | D:2      | Reached XP level 4. HP: 23/34 MP: 6/6
  1245 | D:2      | Learned a level 2 spell: Scorch
  2351 | D:3      | Found a radiant altar of Vehumet.
  2386 | D:3      | Reached XP level 5. HP: 35/42 MP: 8/8
  2416 | D:3      | Fell from the grace of Ignis
  2416 | D:3      | Became a worshipper of Vehumet
  2484 | D:3      | Noticed Grinder
  2494 | D:3      | Killed Grinder
  2495 | D:3      | Gained mutation: You have a small tail. [demonic ancestry]
  2495 | D:3      | Reached XP level 6. HP: 37/48 MP: 3/10
  2656 | D:3      | You fall into a shaft and drop 1 floor!
  2789 | D:4      | Noticed a fire elemental
  2789 | D:4      | Noticed a fire elemental
  2792 | D:4      | HP: 1/48 [fire elemental[the fiery vengeance of Ignis]
                  | (13)]
  2792 | D:4      | Mangled by a fire elemental

Illustrated notes

Levels and vault maps discovered:
D:1:      lightli_arrival_chessboard, layout_basic,
          chequers_ecumenical_altar_simple, minmay_pentomino_v2
D:2:      layout_basic, uniq_natasha, uniq_jessica
D:3:      layout_basic, mainiacjoe_overflow_brackets, uniq_grinder
D:4:      layout_gridville, elyvilon_altar_1, amethyst_overflow_temple_binary

Skill      XL: |  1  2  3  4  5 |
---------------+----------------+-----
Axes           | 3 4 |  4.7
Fire Magic     | 3 |  3.2
Spellcasting   | 2 3 |  3.3
Fighting       | 4 |  4.2

Action                     |  1- 3 |  4- 6 || total
---------------------------+-------+-------++-------
  Melee: Hand axe          |    48 |   101 ||   149
         Punch             |       |     1 ||     1
         Tailslap          |       |     3 ||     3
   Cast: Scorch            |       |     8 ||     8
 Invoke: Fiery Armour      |     2 |     1 ||     3
         Foxfire Swarm     |     1 |       ||     1
    Use: Potion            |     1 |       ||     1
         Scroll            |       |     1 ||     1
 Armour: Robe              |     9 |    34 ||    43
         Skin              |     2 |       ||     2
  Dodge: Dodged            |    38 |    81 ||   119
  Block: Other             |     5 |    15 ||    20
